 Dungeon Crawl Stone Soup version 0.30.0-15-g856e2d3f33 (webtiles) character file.

Game seed: 13297120486477406297

2 bmack86 the Insei (level 1, -5/17 HPs)
             Began as a Djinni Transmuter on May 20, 2023.
             Frozen to death by an endoplasm (7 damage)
             ... on level 1 of the Dungeon.
             The game lasted 00:02:45 (227 turns).

bmack86 the Insei (Djinni Transmuter)                Turns: 227, Time: 00:02:46

Health: -5/17      AC:  3    Str:  9    XL:     1   Next: 44%
Gold:   0          EV: 12    Int: 14    God:
                   SH:  0    Dex: 13

rFire   + + .        j - +0 hand axe
rCold   x . .        (no shield)
rNeg    . . .        a - +0 robe
rPois   ∞            (helmet currently unavailable)
rElec   .            f - +0 cloak
rCorr   .            (no gloves)
SInv    .            (boots unavailable)
Will    .....        (no amulet)
Stlth   +            (no ring)
HPRegen 0.22/turn    (no ring)
MPRegen 0.00/turn

%: infuse magic (-6 HP)
@: appendages, flying
A: horns 2, flying, sickness immunity, fire resistance 2, cold vulnerability 1,
float, innate caster, HP casting, extra vitality 1
a: End Transformation


You were on level 1 of the Dungeon.
You had temporarily grown beastly horns.
You visited 1 branch of the dungeon, and saw 1 of its levels.

Inventory:

Hand Weapons
 e - a +0 dagger
 g - a +0 whip
 j - a +0 hand axe (weapon)
Armour
 a - a +0 robe (worn)
 f - a +0 cloak (worn)
Jewellery
 i - a ring of ice
Scrolls
 d - a scroll of fog {unknown}
Potions
 b - 2 potions of lignification
 c - a potion of mutation {unknown}
 h - 2 potions of flight {unknown}


   Skills:
 + Level 1.1 Fighting
 - Level 2.1 Dodging
 + Level 3.0 Unarmed Combat
 + Level 1.6 Spellcasting


You knew the following spells:

 Your Spells              Type           Power      Damage    Failure   Level
a - Beastly Appendage     Tmut           10%        N/A       13%         1
b - Wereblood             Tmut           5%         N/A       19%         2
c - Spider Form           Tmut/Pois      5%         N/A       36%         3
d - Ice Form              Ice/Tmut       5%         N/A       77%         4
Your spell library was empty.

Dungeon Overview and Level Annotations

Branches:
Dungeon (1/15)

Altars:

Shops:
D:1 *


Innate Abilities, Weirdness & Mutations

You have temporarily grown beastly horns.
You are flying.
You are immune to sickness and miasma.
You are immune to poison.
Your flesh is very heat resistant. (rF++)
You are vulnerable to cold. (rC-)
You float through the air rather than walking.
You learn spells naturally, not from books.
Your magical power is your life essence.
You have superior vitality. (+4 MHP)


Message History

You kill the frilled lizard!
You see here a frilled lizard corpse.
Found Noiceb's General Store.
Found a hand axe.
Your horns disappear.
Found a leather armour.
There is an entrance to Noiceb's General Store here.
You see here a +0 hand axe.
j - a +0 hand axe
j - a +0 hand axe (weapon)
An endoplasm comes into view.
A bat comes into view.
The endoplasm quivers.
The endoplasm freezes you.
You are frozen!
You feel a terrible chill!
You hit the endoplasm but do no damage. The bat hits you but does no damage.
The endoplasm freezes you.
You are frozen.
You feel a terrible chill! The bat barely misses you.
You hit the endoplasm.
The endoplasm is heavily wounded.
You closely miss the bat. The bat hits you but does no damage.
The endoplasm freezes you.
You are frozen.
The endoplasm freezes you.
You are frozen.
You feel a terrible chill!
* * * LOW HITPOINT WARNING * * *
Really quaff the potion of lignification?
Okay, then.
You are too injured to fight recklessly!
Casting: Beastly Appendage (safe; 13% risk of failure)
Confirm with . or Enter, or press ? or * to list all spells.
You grow a pair of large bovine horns.
* * * LOW HITPOINT WARNING * * *
The bat hits you but does no damage. x2; The endoplasm closely misses you.
You barely miss the endoplasm.
The endoplasm is heavily wounded.
You barely miss the bat. The bat barely misses you. The endoplasm freezes you.
You are frozen!
You feel a terrible chill!
You die...

. .. ... #########
....##### #.......
.......b###......#
#...J.....#.#.##
#@##...#....# #
#........#..# .#
####...#.#..##.#
#........∩..#
.............#
......##....##.#
.......##....##.##
..................[
.......###..###.##.


You could see an endoplasm and a bat.

Vanquished Creatures
  A bat (D:1)
  A ball python (D:1)
  A frilled lizard (D:1)
3 creatures vanquished.

Notes
Turn   | Place    | Note
-------+----------+-------------------------------------------
     0 | D:1      | bmack86 the Djinni Transmuter began the quest for the Orb.
     0 | D:1      | bmack86 set off with the following spells memorised:
                  | Beastly Appendage, Wereblood, Spider Form, Ice Form.
     0 | D:1      | Reached XP level 1. HP: 17/17 MP: 0/0
   191 | D:1      | Found Noiceb's General Store.
   227 | D:1      | Frozen to death by an endoplasm

Illustrated notes

Levels and vault maps discovered:
D:1:      spicycebolla_green_bress_n_ham_2, layout_loops_cross, serial_shops,
          shop

Action                     || total
---------------------------++-------
  Melee: Whip              ||     5
         Hand axe          ||     3
   Cast: Beastly Appendage ||     2
 Armour: Robe              ||     7
  Dodge: Dodged            ||     6
